 Dungeon Crawl Stone Soup version 0.24-a0-252-g5076262 (webtiles) character file.

Game seed: 7258817338370551561

12286 Ijustatesigmund the Cleaver (level 11, -3/117 HPs)
             Began as an Octopode Fighter on Apr 17, 2019.
             Was a Priest of Cheibriados.
             Slain by a cyan ugly thing (12 damage)
             ... on level 10 of the Dungeon.
             The game lasted 00:24:24 (8528 turns).

Ijustatesigmund the Cleaver (Octopode Fighter)      Turns: 8528, Time: 00:24:25

Health: -3/117     AC: 28    Str: 34    XL:     11   Next: 91%
Magic:  7/17       EV:  2    Int: 18    God:    Cheibriados [***...]
Gold:   232        SH: 15    Dex: 26    Spells: 10/10 levels left

rFire    . . .     SeeInvis +   r - +2 flail (holy)
rCold    . . .     Gourm    .   b - +1 shield {AC+3}
rNeg     + + +     Faith    .   (helmet currently unavailable)
rPois    +         Spirit   .   v - amulet of regeneration
rElec    .         Reflect  .   g - ring of see invisible
rCorr    +         Harm     .   i - +2 ring of strength
MR       +....     NoTele   +   q - ring of resist corrosion
Stlth    +++++.....             n - +4 ring of strength
HPRegen  0.69/turn              (no ring)
MPRegen  0.15/turn              (no ring)
                                (no ring)
                                (no ring)

@: mighty, agile, tree-form, very slow
A: almost no armour, stealthy swim, (amphibious), 8 rings, (constrict 8), magic
resistance 1, subdued magic 1
a: Bend Time, Temporal Distortion, Renounce Religion


You were on level 10 of the Dungeon.
You worshipped Cheibriados.
Cheibriados was most pleased with you.
You were not hungry.
You were a tree.
You visited 2 branches of the dungeon, and saw 12 of its levels.
You also visited: Ossuary and Bailey.

You collected 474 gold pieces.
You spent 242 gold pieces at shops.

Inventory:

Hand Weapons
 a - a +4 war axe
 c - a +0 broad axe
 k - the +2 hunting sling "Qyubedgho" {venom, rElec rC- MR+++ SInv}
   (You found it on level 11 of the Dungeon)

   It poisons the ammo it fires.
   It makes you vulnerable to cold.
   It insulates you from electricity.
   It affects your resistance to hostile enchantments.
   It lets you see invisible.
 r - a +2 flail of holy wrath (weapon)
Armour
 b - a +1 shield of protection (worn)
Jewellery
 g - a ring of see invisible (left branch)
 i - a +2 ring of strength (right branch)
 n - a +4 ring of strength (on tentacle)
 q - a ring of resist corrosion (on tentacle)
 v - an amulet of regeneration (around neck)
Wands
 j - a wand of paralysis (7)
 p - a wand of disintegration (2)
Scrolls
 f - 3 scrolls of amnesia
 h - 7 scrolls of remove curse
 w - 2 scrolls of fog
Potions
 e - 2 potions of curing
 l - 4 potions of cancellation
 m - a potion of resistance
 o - a potion of might
 s - 2 potions of brilliance
 t - a potion of agility
 z - a potion of magic
 A - a potion of flight
 C - 2 potions of lignification
Comestibles
 d - 14 rations


   Skills:
 + Level 8.8 Fighting
 + Level 9.5 Axes
 + Level 8.8 Dodging
 - Level 5.0 Stealth
 + Level 8.7 Shields
 + Level 8.0 Invocations


You had 10 spell levels left.
You didn't know any spells.
Your spell library contained the following spells:

 Spells                   Type           Power        Failure   Level  Hunger
 Flame Tongue             Conj/Fire      #....        38%         1    ##.....
 Throw Flame              Conj/Fire      #.....       54%         2    ###....
 Conjure Flame            Conj/Fire      #.......     78%         3    ####...
 Inner Flame              Hex/Fire       #.......     78%         3    ####...
 Sticky Flame             Conj/Fire      #.......     99%         4    #####..
 Fireball                 Conj/Fire      #.........   100%        5    ######.


Dungeon Overview and Level Annotations

Branches:
Dungeon (11/15)            Temple (1/1) D:5
   Lair: D:8-11         Orc: D:9-12

Altars:
Ashenzari
Cheibriados
Dithmenos
Elyvilon
Fedhas
Gozag
Hepliaklqana
Kikubaaqudgha
Makhleb
Nemelex Xobeh
Okawaru
Qazlal
Ru
Sif Muna
Trog
Uskayaw
Vehumet
Wu Jian
Xom
Yredelemnul
Zin
The Shining One

Shops:
D:4 }   D:6 %   D:7 [   D:9 :


Innate Abilities, Weirdness & Mutations

You cannot wear most types of armour.
You are very stealthy in the water. (Stealth+)
((You are amphibious.))
You can wear up to eight rings at the same time.
((You can use your tentacles to constrict eight enemies at once.))
((Your skin changes colour to match your surroundings (Stealth+).))
((Your rubbery body absorbs attacks. (AC +1, EV +1)))
((One of your tentacles bears a spike.))
((You are partially covered in iridescent scales. (AC +2)))
You are resistant to hostile enchantments. (MR+)
Your spells are a little easier to cast, but a little less powerful.


Message History

Cheibriados rebukes the two-headed ogre.
The two-headed ogre seems to slow down.
Cheibriados rebukes the cyan ugly thing.
The cyan ugly thing seems to slow down.
Cheibriados rebukes the two-headed ogre.
The two-headed ogre seems to slow down.
Cheibriados rebukes the cyan ugly thing.
The cyan ugly thing seems to slow down.
Cheibriados rebukes the bullfrog.
The bullfrog seems to slow down.
Cheibriados rebukes the two-headed ogre.
The two-headed ogre seems to slow down.
You feel slightly more hungry. The bullfrog hits you.
* * * LOW HITPOINT WARNING * * *
You block the two-headed ogre's attack.
The two-headed ogre completely misses you.
The cyan ugly thing tail-slaps you.
* * * LOW HITPOINT WARNING * * *
The cyan ugly thing shocks you!
You die...

.. ... ##.###
#.....## .. ##..#
... .# ##..# ..#
..#OF###..# .#..
|)r#♣u..[# ###.#..
..[..WOuO..###.[....
#.}:).#.###.#.....#
#.....#..##.)# #..#
###.# ##..#O.##..#
#.# ##...u#..# #.
##|.F..# # #
#####.### .. #.#
#.#..#..# ..O


You could see 2 ugly things, 3 two-headed ogres, a phantom and a bullfrog.

Vanquished Creatures
  A hydra (D:10)
  2 centaur warriors
  A two-headed ogre (D:9)
  A tengu warrior (D:10)
  Pikel (D:4)
  3 orc knights (Bailey)
  An orc sorcerer (Bailey)
  A tengu conjurer (D:10)
  A kobold demonologist (Bailey)
  A troll (D:9)
  A meliai (D:10)
  A hornet (D:10)
  A vampire (D:10)
  Sigmund (D:6)
  A hungry ghost (D:8)
  Eustachio (D:5)
  Menkaure (D:6)
  Edmund (D:6)
  8 orc warriors
  2 black bears
  4 ice beasts
  A necrophage (D:10)
  An eye of draining (D:9)
  A phantom (D:5)
  3 ogres
  4 centaurs
  2 big kobolds
  4 bullfrogs
  A water moccasin zombie (Ossuary)
  4 scorpions
  3 wights (D:7)
  5 electric eels (Bailey)
  A howler monkey (D:4)
  3 crimson imps
  A quasit (D:9)
  A centaur zombie (Ossuary)
  2 bullfrog zombies (Ossuary)
  3 hounds
  A gnoll shaman (D:7)
  3 orc priests
  Crazy Yiuf (D:6)
  2 bullfrog skeletons
  2 centaur skeletons
  2 jellies
  Natasha (twice) (D:2)
  5 iguanas
  6 worker ants
  7 orc wizards
  A killer bee zombie (Ossuary)
  17 mummies (Ossuary)
  4 worker ant zombies
  9 gnolls
  10 adders
  A shadow imp (D:8)
  4 adder zombies
  4 worms
  2 dart slugs (D:2)
  3 leopard geckos
  31 orcs
  3 ball pythons
  9 bats
  2 giant cockroaches
  18 goblins
  13 hobgoblins
  7 jackals
  4 quokkas
  8 frilled lizards
  A jackal zombie (Ossuary)
  15 kobolds
  A leopard gecko zombie (Ossuary)
  3 quokka skeletons
  A quokka zombie (Ossuary)
  7 rats
284 creatures vanquished.

Vanquished Creatures (others)
  A slave (D:4)
  An adder (D:4)
  A jackal skeleton (D:4)
  A withered plant (Ossuary)
4 creatures vanquished.

Grand Total: 288 creatures vanquished

Notes
Turn   | Place    | Note
-------+----------+-------------------------------------------
     0 | D:1      | Ijustatesigmund the Octopode Fighter began the quest for
                  | the Orb.
     0 | D:1      | Reached XP level 1. HP: 16/16 MP: 1/1
    21 | D:1      | Reached XP level 2. HP: 12/21 MP: 2/2
   151 | D:1      | You fall through a shaft!
   152 | D:2      | Noticed Natasha
   156 | D:2      | Reached skill level 3 in Axes
   159 | D:2      | Killed Natasha
   159 | D:2      | Reached XP level 3. HP: 23/26 MP: 3/3
   374 | D:2      | Noticed a +0 dagger
   375 | D:2      | Found a hide-covered altar of Uskayaw.
   375 | D:2      | Noticed a +0 dagger
   416 | D:2      | Reached skill level 4 in Axes
   577 | D:1      | Reached XP level 4. HP: 17/31 MP: 4/4
   927 | D:1      | You fall through a shaft!
   932 | D:2      | Noticed Natasha
   943 | D:2      | Killed Natasha
  1468 | D:2      | Found a bloodstained altar of Trog.
  1648 | D:2      | Reached XP level 5. HP: 36/36 MP: 5/5
  1911 | D:3      | Reached skill level 5 in Axes
  2102 | D:3      | Gained mutation: You are resistant to hostile enchantments.
                  | (MR+) [potion of mutation]
  2102 | D:3      | Gained mutation: You are partially covered in iridescent
                  | scales. (AC +2) [potion of mutation]
  2102 | D:3      | Gained mutation: Your spells are a little easier to cast,
                  | but a little less powerful. [potion of mutation]
  2102 | D:3      | Gained mutation: One of your tentacles bears a spike.
                  | [potion of mutation]
  2344 | D:3      | Reached XP level 6. HP: 41/42 MP: 6/6
  2619 | D:4      | Noticed Pikel
  2619 | D:4      | Noticed a slave
  2619 | D:4      | Noticed a slave
  2619 | D:4      | Noticed a slave
  2621 | D:4      | Noticed a slave
  2628 | D:4      | Killed Pikel
  2628 | D:4      | Reached XP level 7. HP: 48/49 MP: 7/7
  2663 | D:4      | Reached skill level 6 in Axes
  2841 | D:4      | You fall through a shaft for 2 floors!
  2845 | D:6      | Reached XP level 8. HP: 54/54 MP: 8/8
  2885 | D:6      | Found a hazy altar of Hepliaklqana.
  2885 | D:6      | Found a faded altar of an unknown god.
  2890 | D:6      | Found a shimmering altar of Xom.
  2892 | D:6      | Found a faded altar of an unknown god.
  2894 | D:6      | Found a glowing golden altar of the Shining One.
  2916 | D:6      | Noticed Menkaure
  2920 | D:6      | Reached skill level 1 in Stealth
  2922 | D:6      | Killed Menkaure
  2922 | D:6      | Reached skill level 5 in Fighting
  2922 | D:6      | Reached skill level 5 in Dodging
  2922 | D:6      | Reached skill level 5 in Shields
  2940 | D:6      | Found Libynoge's Food Shop.
  3008 | D:6      | Noticed Sigmund
  3019 | D:6      | Killed Sigmund
  3177 | D:6      | Noticed Edmund
  3187 | D:6      | Killed Edmund
  3198 | D:6      | Reached XP level 9. HP: 41/62 MP: 9/9
  3334 | D:5      | Entered Level 5 of the Dungeon
  3401 | D:5      | Reached skill level 7 in Axes
  3405 | D:5      | Found a sand-covered staircase.
  3413 | Ossuary  | Entered an ossuary
  3518 | Ossuary  | Reached skill level 5 in Stealth
  4016 | D:4      | Found Pahuixa's Gadget Shop.
  4025 | D:4      | Bought a wand of acid (7) for 242 gold pieces
  4241 | D:5      | Found a staircase to the Ecumenical Temple.
  4272 | D:5      | Noticed Eustachio
  4275 | D:5      | Found a sacrificial altar of Ru.
  4280 | D:5      | Killed Eustachio
  4530 | Temple   | Entered the Ecumenical Temple
  4745 | Temple   | Became a worshipper of Cheibriados the Contemplative
  4978 | D:6      | Found a runed translucent door.
  4979 | D:6      | Noticed Crazy Yiuf
  5118 | D:6      | Killed Crazy Yiuf
  5241 | D:7      | Found Ushewog's Armour Boutique.
  5268 | D:7      | Reached skill level 1 in Invocations
  5578 | D:7      | Reached XP level 10. HP: 59/69 MP: 11/11
  6151 | D:8      | Reached skill level 8 in Axes
  6215 | D:8      | Found a radiant altar of Vehumet.
  6215 | D:8      | Found a stormy altar of Qazlal.
  6216 | D:8      | Found a burning altar of Makhleb.
  6220 | D:8      | Reached * piety under Cheibriados
  6452 | D:8      | Found a blossoming altar of Fedhas.
  6657 | D:9      | Found Veipo's Book Boutique.
  6762 | D:9      | Reached ** piety under Cheibriados
  6897 | D:9      | Noticed a two-headed ogre
  6907 | D:9      | Killed a two-headed ogre
  6907 | D:9      | Reached skill level 5 in Invocations
  7086 | D:9      | Found a sparkling altar of Nemelex Xobeh.
  7108 | D:9      | Noticed a centaur warrior
  7120 | D:9      | Killed a centaur warrior
  7643 | D:9      | Reached XP level 11. HP: 76/76 MP: 15/15
  7772 | D:10     | Entered Level 10 of the Dungeon
  7774 | D:10     | You fall through a shaft!
  7821 | D:11     | Found a flagged portal.
  7830 | Bailey   | Entered a bailey
  7976 | Bailey   | Found an iron altar of Okawaru.
  7976 | Bailey   | Noticed an orc sorcerer
  7981 | Bailey   | Killed an orc sorcerer
  7990 | Bailey   | Reached *** piety under Cheibriados
  8038 | Bailey   | Noticed an orc knight
  8038 | Bailey   | Noticed an orc knight
  8046 | Bailey   | Killed an orc knight
  8046 | Bailey   | Reached skill level 9 in Axes
  8046 | Bailey   | Killed an orc knight
  8319 | Bailey   | Noticed an orc knight
  8326 | Bailey   | Killed an orc knight
  8415 | D:11     | Got a dazzling hunting sling
  8416 | D:11     | Identified the +2 hunting sling "Qyubedgho" {venom, rElec
                  | rC- MR+++ SInv} (You found it on level 11 of the Dungeon)
  8435 | D:10     | Reached **** piety under Cheibriados
  8437 | D:10     | Noticed a five-headed hydra
  8438 | D:10     | Identified the +6 hunting sling of the Endless Expanse
                  | {freeze, Int+6}
  8447 | D:10     | Killed a five-headed hydra
  8449 | D:10     | Noticed a tengu warrior
  8452 | D:10     | Noticed a centaur warrior
  8465 | D:10     | Killed a centaur warrior
  8471 | D:10     | Killed a tengu warrior
  8479 | D:10     | Noticed a two-headed ogre
  8498 | D:10     | Noticed a two-headed ogre
  8503 | D:10     | Noticed a green ugly thing
  8503 | D:10     | Noticed a two-headed ogre
  8511 | D:10     | Noticed a white ugly thing
  8518 | D:10     | Noticed a two-headed ogre
  8528 | D:10     | Slain by a cyan ugly thing

Levels and vault maps discovered:
D:1:      lightli_arrival_boilingwater, layout_loops_cross,
          chequers_decorated_corner, chequers_serial_rivers_room_b
D:2:      layout_basic, dancing_weapons_uskayaw, old_standard_altar,
          minmay_misc_feat_x, minmay_pentomino_q2, uniq_natasha
D:3:      layout_loops_cross, chequers_serial_rivers_large_a, minmay_cupped
D:4:      layout_loops_ring, first_ration, serial_shops,
          nicolae_shop_statue_plus, uniq_pikel
D:5:      layout_loops_cross, nicolae_ru_path_of_blood,
          minmay_temple_entry_crystal_x, chequers_ossuary_entry_cave,
          uniq_eustachio
D:6:      layout_cave_pools, chequers_temple_overflow_minitemple, serial_shops,
          shop, uniq_crazy_yiuf_cottage, uniq_sigmund, uniq_edmund,
          uniq_menkaure
D:7:      layout_basic, serial_shops, shop
D:8:      layout_cave_pools, fedhas_altar_fruit_tree,
          gammafunk_temple_overflow_forgotten
D:9:      layout_layer_cave, nemelex_xobeh_ov_fountains_minmay, serial_shops,
          shop
D:10:     minmay_the_grid_octo_tiled_squarecenter
          [minmay_the_grid_octo_fan_narrow,
          minmay_the_grid_octo_vomiting_pacman, minmay_the_grid_octo_pinwheel,
          minmay_the_grid_octo_teeth, minmay_the_grid_square_5x5_megaprize_open,
          minmay_the_grid_square_5x5_pentomino_r,
          minmay_the_grid_square_5x5_half_checkered,
          minmay_the_grid_square_5x5_trominoes,
          minmay_the_grid_square_5x5_minivault], layout_loops_cross
D:11:     layout_long_grid, lair_entry_dummy, orc_0_dummy, serial_shops, shop,
          enter_bailey_2
Temple:   minmay_temple_curvy_loop
Ossuary:  ossuary_zaba_flooded
Bailey:   bailey_axe_of_yendor_kennysheep, bailey

Skill      XL: |  1  2  3  4  5  6  7  8  9 10 11 |
---------------+----------------------------------+-----
Axes           | 3 4 5 6 7 8 9 |  9.5
Fighting       | 4 5 6 7 8 |  8.8
Dodging        | 4 5 6 7 8 |  8.8
Shields        | 4 5 6 7 8 |  8.7
Stealth        | 4 5 |  5.0
Invocations    | 2 6 8 |  8.0

Action                   |  1- 3 |  4- 6 |  7- 9 | 10-12 || total
-------------------------+-------+-------+-------+-------++-------
Melee: War axe           |    37 |   108 |   101 |   157 ||   403
       Constrict         |    12 |    32 |    44 |    51 ||   139
       Tentacles         |     5 |    22 |    52 |    63 ||   142
       Kick              |       |     5 |    65 |    94 ||   164
       Flail             |       |       |    57 |    33 ||    90
Invok: Slouch            |       |       |       |     2 ||     2
       Bend Time         |       |       |       |     1 ||     1
       Temporal Distorti |       |       |       |     1 ||     1
Evoke: Wand              |       |       |     2 |    18 ||    20
  Use: Scroll            |     1 |    10 |    10 |    13 ||    34
       Potion            |       |     2 |     2 |    11 ||    15
 Stab: Sleeping          |       |     6 |    13 |    15 ||    34
       Distracted        |       |       |     2 |     1 ||     3
  Eat: Chunk             |       |     5 |    10 |     2 ||    17
       Ration            |       |       |       |     2 ||     2
Armor: Skin              |     4 |    15 |    10 |    38 ||    67
Dodge: Dodged            |     8 |    47 |    72 |   132 ||   259
Block: Shield            |    15 |    56 |    81 |   169 ||   321

Table legend:
 A = Non-vault XP
 B = Vault XP
 C = Vault XP percentage of total XP
 D = Non-vault monster count
 E = Vault monster count
 F = Vault count percentage of total count
                 A         B        C        D         E       F
            +---------+---------+-------+---------+---------+-------
      Total |    7137 |   10415 |  59.3 |     187 |      97 |  34.2
            +---------+---------+-------+---------+---------+-------
        D:1 |      46 |       0 |   0.0 |      30 |       0 |   0.0
        D:2 |      78 |      41 |  34.5 |      14 |       3 |  17.6
        D:3 |     156 |      15 |   8.8 |      25 |       2 |   7.4
        D:4 |     296 |     641 |  68.4 |      16 |       1 |   5.9
        D:5 |     669 |     196 |  22.7 |      14 |       1 |   6.7
        D:6 |     672 |     582 |  46.4 |      10 |       4 |  28.6
        D:7 |     718 |       0 |   0.0 |      20 |       0 |   0.0
        D:8 |     927 |       0 |   0.0 |      25 |       0 |   0.0
        D:9 |    3462 |       0 |   0.0 |      30 |       0 |   0.0
       D:10 |      70 |    4148 |  98.3 |       2 |      11 |  84.6
       D:11 |      43 |       0 |   0.0 |       1 |       0 |   0.0
    Ossuary |       0 |     772 | 100.0 |       0 |      31 | 100.0
     Bailey |       0 |    4020 | 100.0 |       0 |      44 | 100.0
            +---------+---------+-------+---------+---------+-------
